 Dungeon Crawl Stone Soup version 0.26-a0-649-gf8c6c3aab7 (webtiles) character file.

Game seed: 4501797849813019135

(classic levelgen) 35128 EnegeticOcto the Gouger (level 13, -5/60 HPs)
             Began as a Felid Wanderer on Sept 26, 2020.
             Was the Champion of Okawaru.
             Killed by drain life
             ... invoked by a soul eater
             ... summoned by an orc high priest
              (17 damage)
             ... on level 10 of the Dungeon.
             The game lasted 01:02:28 (34883 turns).

EnegeticOcto the Gouger (Felid Wanderer)           Turns: 34883, Time: 01:02:29

Health: -5/60      AC:  7    Str:  6    XL:     13   Next: 45%
Magic:  0/27       EV: 28    Int: 17    God:    Okawaru [******]
Gold:   1635       SH:  0    Dex: 19    Spells: 15/30 levels left
                                        Lives:  0   Deaths: 2

rFire    . . .     SeeInvis +     - Unarmed
rCold    + . .     Faith    .   (shield unavailable)
rNeg     . . .     Spirit   +   (armour unavailable)
rPois    .         Reflect  .   (helmet unavailable)
rElec    .         Harm     .   (cloak unavailable)
rCorr    .         Rampage  .   (gloves unavailable)
MR       +....                  (boots unavailable)
Stlth    ++++++....             N - amulet of guardian spirit
HPRegen  0.20/turn              n - +4 ring of slaying
MPRegen  0.20/turn              g - +4 ring of protection {=R}

@: quick
A: very small, no armour, no weapons or thrown items, stealth, claws 1, fangs 3,
see invisible, speed 1, shaggy fur 3, sharp paws
a: Heroism, Finesse, Renounce Religion


You were on level 10 of the Dungeon.
You worshipped Okawaru.
Okawaru was exalted by your worship.
You visited 3 branches of the dungeon, and saw 22 of its levels.
You also visited: Ossuary and Ice Cave.

You collected 1919 gold pieces.
You spent 284 gold pieces at shops.

Inventory:

Armour
 K - the +2 cloak of Yredelemnul's Esteem {rC+ Int-5 Dex+4, unknown}
   (You found it on level 15 of the Dungeon)

   It affects your intelligence (-5).
   It affects your dexterity (+4).
   It protects you from cold.
 M - the cursed +0 cloak of Hercheel {Harm Regen+ MP+9 Int+4, unknown}
   (You found it on level 14 of the Dungeon)

   It affects your intelligence (+4).
   It affects your magic capacity (+9).
   It increases your rate of regeneration.
   It increases damage dealt and taken.
   It has a curse placed upon it.
Jewellery
 d - an uncursed amulet of the acrobat
 f - an uncursed ring of protection from fire
 g - a +4 ring of protection (right paw) {=R}
 n - a +4 ring of slaying (left paw)
 v - an uncursed ring of protection from magic
 F - a +6 ring of intelligence
 N - an amulet of guardian spirit (around neck)
Wands
 c - a wand of flame (36) {@v4}
 t - a wand of paralysis (21)
 D - a wand of disintegration (16)
 E - a wand of iceblast (12) {@v2}
 I - a wand of polymorph (26)
 L - a wand of enslavement (18)
Scrolls
 e - 10 scrolls of remove curse {@r2}
 h - 2 scrolls of amnesia
 j - 6 scrolls of teleportation {@r3 !r}
 o - 6 scrolls of immolation
 s - 2 scrolls of fear {!r}
 u - a scroll of blinking {@r4}
 w - 6 scrolls of magic mapping {@r5 !r}
 y - 3 scrolls of identify {@r1}
 B - 4 scrolls of holy word
 C - a scroll of vulnerability
Potions
 a - 3 potions of ambrosia
 i - 13 potions of curing {@q1 !q}
 k - a potion of heal wounds {@q2 !q}
 l - a potion of mutation
 m - 9 potions of brilliance
 p - a potion of cancellation
 q - 2 potions of lignification {@q6}
 r - 2 potions of haste {@q4 !q}
 x - 3 potions of berserk rage
 z - 2 potions of invisibility
 A - 2 potions of resistance
 G - 3 potions of magic
 H - 4 potions of stabbing {@q5 !q}
 J - 3 potions of flight
Miscellaneous
 b - a tin of tremorstones (3/3)
 O - a phantom mirror


   Skills:
 + Level 9.5 Fighting
 + Level 11.0 Dodging
 - Level 12.0 Stealth
 + Level 12.8 Unarmed Combat
 + Level 9.2 Spellcasting
 - Level 3.0 Conjurations
 + Level 10.7 Hexes
 - Level 8.0 Summonings
 - Level 6.0 Air Magic
 - Level 3.0 Poison Magic
 - Level 5.0 Invocations
 - Level 4.0 Evocations


You had 15 spell levels left.
You knew the following spells:

 Your Spells              Type           Power        Failure   Level
a - Poisonous Vapours     Pois/Air       ###...       2%          2
b - Mephitic Cloud        Conj/Pois/Air  ###.....     5%          3
c - Summon Lightning Spi  Summ/Air       ####....     5%          4
d - Dazzling Flash        Conj/Hex       ####..       1%          3
e - Magic Dart            Conj           ###.         2%          1
Y - Blink                 Tloc           N/A          14%         2

Your spell library contained the following spells:

 Spells                   Type           Power        Failure   Level
 Corona                   Hex            #####..      1%          1
 Summon Small Mammal      Summ           ####         1%          1
 Call Imp                 Summ           #####...     1%          2
 Slow                     Hex            #####...     1%          2
 Call Canine Familiar     Summ           #####...     1%          3
 Summon Guardian Golem    Hex/Summ       #####...     1%          3
 Cause Fear               Hex            #####.....   1%          4
 Searing Ray              Conj           ###...       4%          2
 Fulminant Prism          Conj/Hex       ####......   5%          4
 Silence                  Hex/Air        #####.....   9%          5
 Animate Skeleton         Necr           #.....       10%         1
 Apportation              Tloc           #.....       10%         1
 Pain                     Necr           #...         10%         1
 Conjure Flame            Conj/Fire      ##......     16%         3
 Summon Ice Beast         Ice/Summ       ###.....     19%         4
 Vampiric Draining        Necr           #.........   28%         3
 Yara's Violent Unravell  Hex/Tmut       ####......   28%         5
 Iskenderun's Mystic Bla  Conj/Tloc      ##......     45%         4
 Animate Dead             Necr           #.........   67%         4
 Agony                    Necr           #.......     95%         5
 Freezing Cloud           Conj/Ice/Air   ###.......   99%         6
 Discord                  Hex            #####.....   100%        8


Dungeon Overview and Level Annotations

Branches:
Dungeon (15/15)            Temple (0/1) D:5            Lair (6/6) D:8
  Swamp (0/4) Lair:2        Snake (0/4) Lair:3        Slime (0/5) Lair:5
    Orc (1/2) D:10         Vaults (0/5) D:14         Depths (0/5) D:15
Ossuary (visited)           IceCv (visited)

Altars:
Fedhas
Gozag
Nemelex Xobeh
Okawaru
Xom
Yredelemnul
The Shining One
Jiyva

Shops:
D:8 *   D:12 *

Annotations:
D:4 exclusions: orc and 2 orc priests
D:8 3 runed translucent doors, hemabe71's ghost, novice HuAr
D:9 3 runed translucent doors, exclusion: efreet, KennyOmg's ghost, novice MiBe
D:10 1 exclusion
Lair:3 1 runed translucent door, exclusion: 2 nagas, Fannar; Xuorypli's ghost, journeyman MiGl
Lair:5 exclusion: 4 oklob plants


Innate Abilities, Weirdness & Mutations

You cannot wear armour.
You are incapable of wielding weapons or throwing items.
Your paws allow you to move quietly. (Stealth)
You have sharp claws.
You have razor-sharp teeth.
You have supernaturally acute eyesight. (SInv)
You cover ground quickly.
Your thick and shaggy fur keeps you warm. (AC +3, rC+)
Your sharp claws are effective at attacking unaware monsters.


Message History

The orc high priest mumbles some strange prayers to Beogh.
Casting: Poisonous Vapours (safe; 2% risk of failure)
Confirm with . or Enter, or press ? or * to list all spells.
Aiming: Poisonous Vapours (safe; 2% risk of failure)
Press: ? - help, Dir - move target cursor, f/p - orc high priest
Aim: an orc high priest, wielding a +0 dire flail and wearing a +0 leather armour (lightly wounded, poisoned) Poisonous vapours surround the orc high priest!
The orc high priest is engulfed in poison gas.
The orc high priest looks even sicker.
Casting: Poisonous Vapours (safe; 2% risk of failure)
Confirm with . or Enter, or press ? or * to list all spells.
Aiming: Poisonous Vapours (safe; 2% risk of failure)
Press: ? - help, Dir - move target cursor, f/p - orc high priest
Aim: an orc high priest, wielding a +0 dire flail and wearing a +0 leather armour (lightly wounded, very poisoned) Poisonous vapours surround the orc high priest!
The orc shouts!
You hear a shout!
The sixfirhy closely misses you. The sixfirhy hits you!
The sixfirhy shocks you!
The orc high priest is engulfed in poison gas.
The orc high priest looks even sicker.
The sixfirhy completely misses you.
You hear a shout! x3
You climb upwards.
Welcome back to the Dungeon!
Level annotation: 1 exclusion
There is a staircase to the Orcish Mines, spattered with blood here.
You start resting.
Magic restored.
HP restored.
You climb downwards.
Welcome back to the Orcish Mines!
The orc high priest barely misses you.
There is a staircase back to the Dungeon, spattered with blood here.
The orc hits you with a +0 whip. The orc high priest misses you.
You climb upwards.
Welcome back to the Dungeon!
Level annotation: 1 exclusion
There is a staircase to the Orcish Mines, spattered with blood here.
You claw the orc high priest!
The orc high priest is moderately wounded.
The orc completely misses you.
You claw the orc high priest! Your claw misses the orc high priest.
The orc high priest is heavily wounded.
The orc high priest hits you but does no damage.
The orc closely misses you.
You miss the orc high priest.
The orc high priest is heavily wounded.
The orc high priest prays.
The orc high priest completely misses you.
The orc completely misses you.
You miss the orc high priest.
The orc high priest is heavily wounded.
You scratch the orc high priest but do no damage.
The orc high priest is heavily wounded.
The orc high priest completely misses you.
The orc misses you.
You completely miss the orc high priest.
The orc high priest is heavily wounded.
The orc barely misses you.
The orc high priest utters an invocation to Beogh.
You closely miss the orc high priest. Your claw misses the orc high priest.
The orc high priest is heavily wounded.
The sixfirhy closely misses you.
The sixfirhy hits you but does no damage.
The orc hits you with a +0 whip. The orc high priest misses you.
You scratch the orc high priest.
The orc high priest is heavily wounded.
The sixfirhy closely misses you. The sixfirhy hits you!
The sixfirhy shocks you!
The soul eater draws from the surrounding life force!
The sixfirhy completely misses you.
You barely miss the orc high priest. Your bite misses the orc high priest.
The orc high priest is heavily wounded.
The sixfirhy misses you. The sixfirhy hits you. The sixfirhy shocks you!
The orc hits you but does no damage. The sixfirhy completely misses you.
The orc high priest prays to Beogh.
The soul eater misses you.
Evoke which item? (* to show all) (? for menu, Esc to quit)
Okay, then.
Press: ? - help, Dir - move target cursor
As you read the scroll of blinking {@r4}, it crumbles to dust.
The sixfirhy disappears in a puff of smoke!
Casting: Poisonous Vapours (safe; 2% risk of failure)
Confirm with . or Enter, or press ? or * to list all spells.
Press: ? - help, Dir - move target cursor, f - orc high priest
Aim: an orc high priest, wielding a +0 dire flail and wearing a +0 leather armour (heavily wounded) Poisonous vapours surround the orc high priest!
The orc closely misses you.
The orc high priest is engulfed in poison gas.
The orc high priest is poisoned.
Casting: Poisonous Vapours (safe; 2% risk of failure)
Confirm with . or Enter, or press ? or * to list all spells.
Aiming: Poisonous Vapours (safe; 2% risk of failure)
Press: ? - help, Dir - move target cursor, f/p - orc high priest
Aim: an orc high priest, wielding a +0 dire flail and wearing a +0 leather armour (heavily wounded, poisoned) Poisonous vapours surround the orc high priest!
The orc misses you.
The orc high priest is engulfed in poison gas.
The orc high priest looks even sicker.
The orc high priest invokes the aid of Beogh against you.
Beogh smites you!
* * * LOW HITPOINT WARNING * * *
The soul eater draws from the surrounding life force!
You die...

.....# ###...#####...#.....#
###'## #.8.....[)8.####.## ....#
#...#####...# #..# .####
######'###)#.####'### .# #.#
##.4)##.##.....# ##### #.#
#.4)##.##.....# ....# #####.#
##3o.##.##.....#
....####...'.####o###'#.##.....#
....'.[..###.#..@#####...#.....#
>...###### #.'.8.......8.'.....#
....# #.#...#####...#.....#
....# #.##### ##'##.....# ....#
####+# #....##### ##### #..#
###### .# #.## [# #.# .#######
##'####


You could see a soul eater (summoned), an orc high priest (very poisoned), a
chaos spawn (summoned), a red devil (summoned) and an orc.

Vanquished Creatures
  Rupert (Lair:6)
  Frances (D:14)
  Kirke (D:15)
  A fire giant (D:15)
  8 vault guards (D:14)
  Erolcha (D:11)
  2 catoblepae
  3 hydras
  2 centaur warriors (D:13)
  Erica (D:11)
  3 two-headed ogres
  A deep troll shaman (Lair:6)
  2 death yaks (Lair:6)
  Urug (D:12)
  5 skeletal warriors
  An unseen horror (D:13)
  A wizard (D:15)
  An orc knight (D:14)
  2 deep elf magi
  An orb spider (shapeshifter) (D:13)
  4 ugly things
  2 cyclopes
  4 elephants (Lair:6)
  A guardian serpent (D:13)
  2 black mambas (Lair:4)
  2 gargoyles
  An ice statue (IceCv)
  A torpor snail (Lair:5)
  2 centaur skeletons
  A rime drake (Lair:5)
  3 cane toads
  A freezing wraith (D:15)
  An ice devil (Lair:5)
  6 komodo dragons
  An efreet (D:15)
  A merfolk (D:10)
  6 trolls
  4 slime creatures (D:14)
  5 polar bears
  4 tyrant leeches (Lair:2)
  13 blink frogs
  11 hippogriffs
  2 dream sheep (Lair:5)
  11 wraiths
  3 wyverns
  9 yaks
  A vampire (D:9)
  A human (D:10)
  2 hogs (D:15)
  A basilisk (Lair:2)
  A swamp worm (Lair:2)
  10 water moccasins
  2 porcupines
  14 orc warriors
  3 ice beasts
  4 sky beasts
  4 black bears
  A necrophage (D:9)
  A phantom (D:9)
  6 ogres
  9 centaurs
  26 wolves
  15 crocodiles
  2 big kobolds
  11 bullfrogs
  2 wyvern zombies
  4 scorpions
  8 killer bees
  26 wights
  4 electric eels (Lair:6)
  2 vampire bats (Lair:6)
  2 howler monkeys (D:4)
  A crimson imp (D:10)
  2 centaur zombies
  2 quasits
  4 jellies
  4 bullfrog zombies
  8 hounds
  12 orc priests
  16 orc wizards
  4 bullfrog skeletons
  6 iguanas
  6 worker ants
  A killer bee zombie (D:6)
  3 hound zombies
  A hound skeleton (D:7)
  3 mummies (Ossuary)
  2 worker ant zombies
  Robin (D:3)
  12 adders
  8 gnolls
  2 white imps
  4 ufetubi
  2 oozes
  2 adder zombies
  2 worms
  4 dart slugs
  4 leopard geckos
  91 orcs
  5 giant cockroaches
  2 gnoll zombies (Ossuary)
  20 goblins
  16 hobgoblins
  17 jackals
  3 quokkas
  2 ball pythons
  10 bats
  8 frilled lizards
  4 goblin zombies (Ossuary)
  4 hobgoblin zombies (Ossuary)
  12 kobolds
  2 kobold zombies (Ossuary)
  2 quokka zombies (Ossuary)
  7 rats
  3 rat zombies (Ossuary)
626 creatures vanquished.

Vanquished Creatures (collateral kills)
  Josephine (Lair:6)
  2 skeletal warriors (D:11)
  A cane toad (Lair:6)
  Psyche (D:11)
  An ice devil (Lair:5)
  2 polar bears (IceCv)
  A hippogriff (D:11)
  2 wraiths
  A yak (IceCv)
  An acid dragon (D:15)
  2 water moccasins
  An orc warrior (D:11)
  A black bear (D:11)
  A centaur (D:13)
  4 wights
  6 orcs
28 creatures vanquished.

Vanquished Creatures (others)
  A polar bear (IceCv)
  20 fungi
  55 plants
76 creatures vanquished.

Grand Total: 730 creatures vanquished

Notes
Turn   | Place    | Note
-------+----------+-------------------------------------------
     0 | D:1      | EnegeticOcto the Felid Wanderer began the quest for the
                  | Orb.
     0 | D:1      | EnegeticOcto set off with the following items: 2 potions of
                  | lignification {@q6}
     0 | D:1      | Reached XP level 1. HP: 9/9 MP: 2/2
    94 | D:1      | Reached skill level 3 in Stealth
   247 | D:1      | Reached XP level 2. HP: 13/13 MP: 3/3
   248 | D:1      | Reached skill level 4 in Stealth
   603 | D:1      | Found an iron altar of Okawaru.
   944 | D:1      | Became a worshipper of Warmaster Okawaru
  1106 | D:2      | Reached XP level 3. HP: 16/16 MP: 4/4
  1205 | D:2      | Noticed a bullfrog
  1213 | D:2      | Killed a bullfrog
  1213 | D:2      | Reached skill level 3 in Fighting
  1213 | D:2      | Reached skill level 4 in Fighting
  1213 | D:2      | Reached skill level 1 in Invocations
  1213 | D:2      | Reached XP level 4. HP: 22/22 MP: 5/5
  2449 | D:3      | Noticed Robin
  2649 | D:3      | Reached skill level 2 in Invocations
  2756 | D:2      | Reached XP level 5. HP: 23/25 MP: 7/7
  3013 | D:2      | Learned a level 2 spell: Blink
  3188 | D:3      | Reached skill level 4 in Unarmed Combat
  3195 | D:3      | Killed Robin
  4236 | D:4      | Gained mutation: You are covered in thick fur. (AC +2)
                  | [Felid growth]
  4236 | D:4      | Reached XP level 6. HP: 28/28 MP: 8/8
  4272 | D:4      | Reached skill level 5 in Unarmed Combat
  4324 | D:4      | Reached skill level 3 in Dodging
  4681 | D:5      | Entered Level 5 of the Dungeon
  4998 | D:5      | Reached * piety under Okawaru
  5074 | D:5      | Reached skill level 4 in Dodging
  5074 | D:5      | Reached skill level 5 in Stealth
  5074 | D:5      | Reached XP level 7. HP: 31/33 MP: 9/9
  5078 | D:5      | Reached skill level 5 in Fighting
  5167 | D:5      | Reached skill level 2 in Evocations
  5243 | D:5      | Found a staircase to the Ecumenical Temple.
  5434 | D:5      | Reached skill level 6 in Stealth
  5614 | D:5      | Reached skill level 3 in Evocations
  5689 | D:6      | Reached skill level 7 in Stealth
  5747 | D:6      | Reached skill level 4 in Evocations
  5760 | D:6      | Reached XP level 8. HP: 32/37 MP: 10/10
  5985 | D:6      | Reached ** piety under Okawaru
  5985 | D:6      | Reached skill level 8 in Stealth
  5996 | D:6      | Reached skill level 3 in Invocations
  6677 | D:6      | Learned a level 3 spell: Mephitic Cloud
  7123 | D:1      | Reached skill level 4 in Invocations
  7485 | D:7      | Found a shimmering altar of Xom.
  7501 | D:7      | Reached skill level 6 in Unarmed Combat
  7665 | D:7      | Reached skill level 5 in Invocations
  7985 | D:7      | Reached skill level 7 in Unarmed Combat
  8014 | D:7      | Reached XP level 9. HP: 40/40 MP: 13/13
  8056 | D:7      | Found a sand-covered staircase.
  8062 | Ossuary  | Entered an ossuary
  8594 | D:7      | Reached skill level 8 in Unarmed Combat
  9044 | D:8      | Reached *** piety under Okawaru
  9044 | D:8      | Reached skill level 1 in Spellcasting
  9044 | D:8      | Reached skill level 1 in Conjurations
  9044 | D:8      | Reached skill level 1 in Air Magic
  9044 | D:8      | Reached skill level 1 in Poison Magic
  9519 | D:8      | Found a glowing golden altar of the Shining One.
  9519 | D:8      | Noticed an angel
  9638 | D:8      | Found Tuutt's Hallowed Reliquary.
  9680 | D:8      | Bought a scroll of holy word for 90 gold pieces
  9802 | D:8      | Found a staircase to the Lair.
  9845 | D:8      | Reached skill level 2 in Spellcasting
  9845 | D:8      | Reached skill level 2 in Conjurations
  9845 | D:8      | Reached skill level 2 in Air Magic
  9845 | D:8      | Reached skill level 2 in Poison Magic
 10066 | D:8      | Found a runed translucent gate.
 10066 | D:8      | Found a runed translucent gate.
 10068 | D:8      | Found an opulent altar of Gozag.
 10068 | D:8      | Found a runed translucent gate.
 10079 | D:8      | Noticed hemabe71's ghost (novice HuAr)
 10365 | D:9      | Noticed a deep elf mage
 10422 | D:9      | Noticed an efreet
 10467 | D:9      | Found a sparkling altar of Nemelex Xobeh.
 10503 | D:9      | Reached skill level 3 in Spellcasting
 10503 | D:9      | Reached skill level 3 in Conjurations
 10503 | D:9      | Reached skill level 3 in Air Magic
 10503 | D:9      | Reached skill level 3 in Poison Magic
 10625 | D:9      | Found a runed translucent gate.
 10625 | D:9      | Found a runed translucent gate.
 10625 | D:9      | Found a runed translucent gate.
 10636 | D:9      | Noticed KennyOmg's ghost (novice MiBe)
 10636 | D:9      | Noticed a spectral centaur warrior
 10900 | D:9      | Reached **** piety under Okawaru
 10900 | D:9      | Reached skill level 4 in Spellcasting
 10900 | D:9      | Reached XP level 10. HP: 32/44 MP: 15/17
 11276 | D:9      | Killed a deep elf mage
 11276 | D:9      | Reached skill level 5 in Spellcasting
 11276 | D:9      | Reached skill level 5 in Dodging
 11443 | D:9      | Reached skill level 6 in Dodging
 11565 | D:10     | Entered Level 10 of the Dungeon
 11882 | D:10     | Noticed a deep elf mage
 11973 | D:10     | Reached skill level 7 in Dodging
 12117 | D:10     | Reached skill level 6 in Spellcasting
 12521 | D:10     | Found a staircase to the Orcish Mines.
 12744 | D:10     | Learned a level 4 spell: Summon Lightning Spire
 12896 | D:10     | Reached skill level 8 in Dodging
 13103 | D:10     | Learned a level 2 spell: Poisonous Vapours
 13329 | D:10     | Reached skill level 1 in Summonings
 13626 | D:10     | Killed a deep elf mage
 13626 | D:10     | Reached ***** piety under Okawaru
 13626 | D:10     | Reached skill level 2 in Summonings
 13896 | D:10     | Noticed a two-headed ogre
 13920 | D:10     | Killed a two-headed ogre
 13920 | D:10     | Reached skill level 4 in Air Magic
 13920 | D:10     | Reached XP level 11. HP: 47/47 MP: 9/21
 14035 | D:10     | Reached skill level 3 in Summonings
 14040 | D:10     | Reached skill level 9 in Dodging
 14357 | Lair:1   | Entered Level 1 of the Lair of Beasts
 15247 | Lair:1   | Reached skill level 4 in Summonings
 15435 | Lair:2   | You fall into a shaft and drop 2 floors!
 15452 | Lair:4   | Reached skill level 5 in Air Magic
 15745 | Lair:4   | Reached skill level 5 in Summonings
 16206 | Lair:4   | Reached skill level 6 in Summonings
 17087 | Lair:3   | Reached skill level 7 in Summonings
 17177 | Lair:3   | Found a staircase to the Snake Pit.
 17677 | Lair:3   | Reached skill level 8 in Summonings
 17723 | Lair:3   | Noticed Fannar
 17785 | Lair:3   | Found a runed translucent door.
 17785 | Lair:3   | Noticed Xuorypli's ghost (journeyman MiGl)
 18633 | Lair:2   | Found a staircase to the Swamp.
 19148 | Lair:2   | Noticed a five-headed hydra
 19160 | Lair:2   | Killed a five-headed hydra
 19160 | Lair:2   | Reached skill level 9 in Stealth
 19398 | Lair:2   | Reached skill level 7 in Spellcasting
 19680 | Lair:5   | Gained mutation: Your thick and shaggy fur keeps you warm.
                  | (AC +3, rC+) [Felid growth]
 19680 | Lair:5   | Reached XP level 12. HP: 47/51 MP: 13/23
 19740 | Lair:5   | Found a frozen archway.
 19764 | IceCv    | Entered an ice cave
 19831 | IceCv    | Reached skill level 6 in Air Magic
 20110 | IceCv    | Reached skill level 10 in Stealth
 20420 | IceCv    | Noticed a death yak
 21036 | Lair:5   | Found a staircase to the Slime Pits.
 21036 | Lair:5   | Found a viscous altar of Jiyva.
 21056 | Lair:5   | Reached skill level 8 in Spellcasting
 21063 | Lair:5   | Reached skill level 11 in Stealth
 22010 | Lair:6   | Entered Level 6 of the Lair of Beasts
 22019 | Lair:5   | Reached skill level 12 in Stealth
 22427 | Lair:6   | Noticed Josephine
 22473 | Lair:6   | Reached ****** piety under Okawaru
 22644 | D:11     | Noticed Erica
 22645 | D:11     | Killed Erica
 22652 | D:11     | Reached skill level 6 in Fighting
 22654 | D:11     | Noticed Psyche
 22661 | D:11     | Killed Psyche
 23396 | D:11     | Reached skill level 9 in Unarmed Combat
 23841 | D:11     | Noticed Erolcha
 23862 | D:11     | Reached skill level 7 in Fighting
 24695 | D:11     | Killed Erolcha
 25065 | D:12     | Found a blossoming altar of Fedhas.
 25271 | D:12     | Reached XP level 13. HP: 42/58 MP: 15/26
 25273 | D:12     | Reached skill level 10 in Unarmed Combat
 25279 | D:12     | Reached skill level 8 in Fighting
 25284 | D:12     | Mangled by a skeletal warrior
 25285 | D:12     | Reached XP level 12. HP: -13/55 MP: 16/25
 25370 | D:12     | Found Xuhi's Assorted Antiques.
 25459 | D:12     | Bought a scroll labeled SOAKHL KORAAFUM for 25 gold pieces
 25459 | D:12     | Bought a dented steel amulet for 125 gold pieces
 25459 | D:12     | Bought a cyan potion for 22 gold pieces
 25459 | D:12     | Bought a cyan potion for 22 gold pieces
 25731 | D:12     | Noticed Urug
 25758 | D:12     | Killed Urug
 26346 | Orc:1    | Entered Level 1 of the Orcish Mines
 26349 | Orc:1    | Noticed an orc high priest
 26603 | D:13     | Noticed a centaur warrior
 26624 | D:13     | Killed a centaur warrior
 26624 | D:13     | Reached skill level 11 in Unarmed Combat
 27073 | D:13     | Noticed a two-headed ogre
 27104 | D:13     | Learned a level 3 spell: Dazzling Flash
 27122 | D:13     | Noticed a centaur warrior
 27138 | D:13     | Reached skill level 1 in Hexes
 27140 | D:13     | Killed a centaur warrior
 27140 | D:13     | Reached skill level 2 in Hexes
 27272 | D:13     | Reached skill level 3 in Hexes
 27302 | D:13     | Killed a two-headed ogre
 27500 | D:13     | Reached skill level 4 in Hexes
 27658 | D:13     | Noticed a catoblepas
 27766 | D:13     | Killed a catoblepas
 27766 | D:13     | Reached skill level 5 in Hexes
 28018 | D:14     | Noticed a seven-headed hydra
 28022 | D:14     | Killed a seven-headed hydra
 28024 | D:14     | Reached skill level 12 in Unarmed Combat
 28090 | D:14     | Reached skill level 6 in Hexes
 28230 | D:14     | Learned a level 1 spell: Magic Dart
 28345 | D:14     | Noticed a two-headed ogre
 28356 | D:14     | Killed a two-headed ogre
 28356 | D:14     | Reached skill level 7 in Hexes
 28356 | D:14     | Reached XP level 13. HP: 50/58 MP: 15/26
 28478 | D:14     | Reached skill level 8 in Hexes
 28667 | D:14     | Found a gate to the Vaults.
 29169 | D:14     | Found a basalt altar of Yredelemnul.
 29219 | D:14     | Noticed Frances
 29659 | D:14     | Reached skill level 9 in Hexes
 30219 | D:14     | Found a basalt altar of Yredelemnul.
 30281 | D:14     | Killed Frances
 30310 | D:15     | Entered Level 15 of the Dungeon
 30361 | D:15     | Found a staircase to the Depths.
 30361 | D:15     | Noticed a fire giant
 30378 | D:15     | Killed a fire giant
 30838 | D:15     | Reached skill level 10 in Dodging
 31388 | D:15     | Noticed Kirke
 31621 | D:15     | Killed Kirke
 31715 | D:15     | Got a twisted cloak
 31737 | D:14     | Got a fading cloak
 32115 | Lair:6   | Noticed Rupert
 32135 | Lair:6   | Demolished by Rupert
 32136 | Lair:6   | Reached XP level 12. HP: -16/56 MP: 0/25
 32141 | Lair:6   | Killed Rupert
 32141 | Lair:6   | Reached skill level 9 in Fighting
 32261 | Lair:6   | Reached XP level 13. HP: 60/60 MP: 21/26
 32265 | Lair:6   | Killed Josephine
 32265 | Lair:6   | Reached skill level 10 in Hexes
 32493 | Lair:5   | Reached skill level 9 in Spellcasting
 34298 | Lair:6   | Reached skill level 11 in Dodging
 34883 | D:10     | Killed from afar by a soul eater

Illustrated notes

Levels and vault maps discovered:
D:1:      erik_arrival_orb_chamber, layout_rooms, okawaru_ov_weapons_minmay
D:2:      layout_basic
D:3:      layout_rooms, uniq_robin
D:4:      layout_loops_cross
D:5:      layout_rooms, minmay_temple_entry_statues_pillars
D:6:      layout_basic
D:7:      layout_cave_pods, lemuel_crystal_altar,
          nicolae_ossuary_entry_false_entrances
D:8:      layout_loops_ring, lair_entry_dummy, ebering_ghost_gozag,
          nicolae_good_shop
D:9:      layout_irregular_city, gammafunk_ghost_necromancy, basic_altar
D:10:     layout_roguey, hiddenorc2_lemuel, grunt_ministairs_10,
          hangedman_stone_soup
D:11:     layout_irregular_city, uniq_psyche, uniq_erolcha, uniq_erica
D:12:     layout_basic, serial_shops, shop, grunt_decor_fettered,
          fedhas_altar_1, uniq_urug
D:13:     layout_small_grid, nrook_guardian_serpent_double
D:14:     cheibrodos_orc_bank, layout_cave_pools, erik_vaults_2, minmay_holes,
          kennysheep_flooded_box, minivault_16, uniq_frances
D:15:     grunt_enter_depths_giant_problem, layout_irregular_city,
          hangedman_abyss_or_decor_stabs, uniq_kirke
Lair:1:   layout_chaotic_city
Lair:2:   layout_cave_shapes, minmay_swamp_entry_worms,
          chequers_serial_rivers_small_b
Lair:3:   layout_regular_city, guppyfry_snake_entry_island,
          gammafunk_ghost_grave, infiniplex_staircase_pool_2,
          grunt_megastairs_4, uniq_fannar
Lair:4:   layout_concentric_octagons, serial_bayou_shore_a
Lair:5:   layout_cave_shapes, slime_altar_1, portal_ice_cave_demonic_guard,
          minivault_23, minmay_lair_oklob_chamber
Lair:6:   grunt_lair_end_beastmaster, layout_gridlike, roderic_batcave,
          serial_bayou_lake_a, uniq_rupert, uniq_josephine
Orc:1:    layout_caves, elf_legates, uniq_maurice

Skill      XL: |  1  2  3  4  5  6  7  8  9 10 11 12 13 |
---------------+----------------------------------------+-----
Stealth        | 3 4 5 7 8 9 12 | 12.0
Fighting       | 4 5 9 8 |  9.5
Invocations    | 1 2 5 |  5.0
Unarmed Combat | 4 5 7 8 12 10 | 12.8
Dodging        | 4 8 9 11 | 11.0
Evocations     | 4 |  4.0
Spellcasting   | 4 6 7 8 9 |  9.2
Conjurations   | 3 |  3.0
Air Magic      | 3 4 5 6 |  6.0
Poison Magic   | 3 |  3.0
Summonings     | 2 8 |  8.0
Hexes          | 7 10 | 10.7

Action                   |  1- 3 |  4- 6 |  7- 9 | 10-12 | 13-15 || total
-------------------------+-------+-------+-------+-------+-------++-------
Melee: Unarmed           |    89 |   287 |   460 |   960 |   412 ||  2208
       Bite              |     5 |    27 |    43 |   112 |    46 ||   233
       Punch             |       |     4 |    10 |    47 |    32 ||    93
 Cast: Poisonous Vapours |       |       |       |   230 |    63 ||   293
       Mephitic Cloud    |       |       |       |    22 |    23 ||    45
       Summon Lightning  |       |       |       |    40 |     9 ||    49
       Magic Dart        |       |       |       |     1 |       ||     1
       Dazzling Flash    |       |       |       |       |    25 ||    25
Invok: Heroism           |       |       |     9 |    15 |     9 ||    33
       Finesse           |       |       |       |     4 |     5 ||     9
Evoke: Wand              |       |       |     3 |    11 |     4 ||    18
  Use: Potion            |     2 |       |     1 |     4 |     1 ||     8
       Scroll            |     1 |     4 |     7 |    16 |     2 ||    30
 Stab: Sleeping          |     4 |     7 |    26 |    35 |     4 ||    76
       Distracted        |       |       |     1 |     8 |     2 ||    11
       Paralysed         |       |       |     2 |       |       ||     2
       Confused          |       |       |       |    13 |    23 ||    36
       Invisible         |       |       |       |     2 |    11 ||    13
Armor: Skin              |    14 |    30 |    43 |    75 |    43 ||   205
Dodge: Dodged            |    45 |   253 |   389 |   917 |   441 ||  2045

Table legend: (Time is in decaauts)
 A = Elapsed time spent in this place.
 B = Non-inter-level travel time spent in this place.
 C = Inter-level travel time spent in this place.
 D = Time resting spent in this place.
 E = Time spent auto-exploring this place.
 F = Levels seen in this place.
 G = Mean time per level.
                   A        B        C        D        E       F      G
               +--------+--------+--------+--------+--------+-----+--------+
         Total |  31432 |  29820 |   1612 |   4745 |  18676 |  24 | 1309.7 |
       Dungeon |  21303 |  20052 |   1251 |   2859 |  12767 |  15 | 1420.2 |
          Lair |   8783 |   8423 |    360 |   1228 |   5625 |   6 | 1463.8 |
  Orcish Mines |     17 |     16 |      1 |      0 |      0 |   1 |   17.0 |
       Ossuary |    188 |    188 |      0 |     56 |      0 |   1 |  188.0 |
      Ice Cave |   1140 |   1140 |      0 |    601 |    283 |   1 | 1140.0 |
               +--------+--------+--------+--------+--------+-----+--------+

Top non-repeatable levels by time:
    D:10: 3262 daAuts
  Lair:6: 2305 daAuts
     D:2: 2166 daAuts
    D:14: 2041 daAuts
  Lair:4: 1796 daAuts
    D:11: 1655 daAuts
    D:13: 1527 daAuts
     D:7: 1434 daAuts
    D:12: 1386 daAuts
  Lair:5: 1318 daAuts
  Lair:2: 1308 daAuts
    D:15: 1215 daAuts
     D:9: 1159 daAuts
   IceCv: 1140 daAuts
  Lair:3: 1104 daAuts
